 Dungeon Crawl Stone Soup version 0.20.0-8-g6b59dc7 (webtiles) character file.

13503 ChaseSP the Severer (level 11, 0/96 HPs)
             Began as a Deep Dwarf Fighter on June 1, 2017.
             Was a High Priest of Makhleb.
             Slain by a komodo dragon (18 damage)
             ... on level 1 of the Lair of Beasts.
             The game lasted 00:27:31 (10455 turns).

ChaseSP the Severer (Deep Dwarf Fighter)           Turns: 10455, Time: 00:27:32

Health: 0/96       AC: 20    Str: 19    XL:     11   Next: 76%
Magic:  12/12      EV:  9    Int: 10    God:    Makhleb [*****.]
Gold:   766        SH:  2    Dex: 15    Spells: 10/10 levels left

rFire    + . .     SeeInvis .   K - +1 battleaxe
rCold    . . .     Gourm    .   (shield currently unavailable)
rNeg     + . .     Faith    .   L - +0 plate armour
rPois    .         Spirit   .   (no helmet)
rElec    .         Reflect  +   d - +2 cloak {+Inv}
rCorr    .         Harm     .   y - +1 pair of gloves
MR       +....                  R - +0 pair of boots
Stlth    ..........             U - +2 amulet of reflection
Regen    0.0/turn               J - ring of positive energy
MPRegen  0.2/turn               H - ring of protection from fire

@: lethally poisoned (0 -> 0), non-regenerating
A: damage resistance, heal wounds, sense surroundings 2, no regeneration
a: Heal Wounds, Minor Destruction, Lesser Servant of Makhleb, Major Destruction,
Greater Servant of Makhleb, Renounce Religion, Evoke Invisibility


You were on level 1 of the Lair of Beasts.
You worshipped Makhleb.
Makhleb was extremely pleased with you.
You were not hungry.

You visited 3 branches of the dungeon, and saw 14 of its levels.
You also visited: Sewer and Ossuary.

You collected 766 gold pieces.

Inventory:

Hand Weapons
 b - a +0 hand crossbow
 K - a +1 battleaxe (weapon)
 V - a +1 eveningstar of crushing
Missiles
 r - 113 bolts
Armour
 d - a +2 cloak of invisibility (worn)
 l - a scarf of repulsion
 y - a +1 pair of gloves (worn)
 L - a +0 plate armour (worn)
 R - a +0 pair of boots (worn)
Jewellery
 m - an uncursed ring of fire
 q - an uncursed amulet of guardian spirit
 v - an uncursed ring of resist corrosion
 H - a ring of protection from fire (right hand)
 J - a ring of positive energy (left hand)
 O - a +2 ring of dexterity
 U - a +2 amulet of reflection (around neck)
Wands
 a - a wand of confusion (10/48)
 I - a wand of flame (36/48)
 T - a wand of clouds (2/9)
 W - a wand of acid (11/15)
 X - a wand of digging (15/24)
Scrolls
 e - 3 scrolls of enchant armour
 g - a scroll of immolation
 h - 9 scrolls of identify
 j - a scroll of random uselessness
 n - 2 scrolls of fear
 s - 5 scrolls of enchant weapon
 t - 6 scrolls of remove curse
 x - a scroll of teleportation
 D - 2 scrolls of fog
 Q - a scroll of blinking
Potions
 c - a potion of ambrosia {unknown}
 i - 2 potions of lignification
 p - a potion of heal wounds
 u - a potion of cancellation
 w - 2 potions of degeneration
 z - 3 potions of magic
 E - 2 potions of mutation
 G - 2 potions of agility
 M - 2 potions of flight
 N - 7 potions of curing
 S - a potion of haste
 Z - 2 potions of brilliance
Books
 k - a book of Minor Magic

   Spells                             Type                      Level
   a - Magic Dart                     Conjuration                  1
   b - Blink                          Translocation                2
   c - Call Imp                       Summoning                    2
   d - Slow                           Hexes                        2
   e - Conjure Flame                  Conjuration/Fire             3
   f - Mephitic Cloud                 Conjuration/Poison/Air       3
 A - a book of Callings

   Spells                             Type                      Level
   a - Summon Small Mammal            Summoning                    1
   b - Call Imp                       Summoning                    2
   c - Call Canine Familiar           Summoning                    3
   d - Summon Guardian Golem          Hexes/Summoning              3
   e - Summon Lightning Spire         Summoning/Air                4
   f - Summon Ice Beast               Ice/Summoning                4
 Y - a book of Flames

   Spells                             Type                      Level
   a - Flame Tongue                   Conjuration/Fire             1
   b - Throw Flame                    Conjuration/Fire             2
   c - Conjure Flame                  Conjuration/Fire             3
   d - Inner Flame                    Hexes/Fire                   3
   e - Sticky Flame                   Conjuration/Fire             4
   f - Fireball                       Conjuration/Fire             5
Comestibles
 f - 16 bread rations
 o - 10 meat rations
 B - 2 royal jellies
 C - 6 chunks of flesh


   Skills:
 - Level 5.2 Fighting
 * Level 15.6 Axes
 + Level 8.2 Armour
 + Level 7.1 Dodging
   Level 3.2 Shields
 + Level 6.6 Invocations


You had 10 spell levels left.
You didn't know any spells.

Dungeon Overview and Level Annotations

Branches:
Dungeon (12/15)            Temple (1/1) D:7            Lair (1/6) D:11
    Orc (0/2) D:9

Altars:
Ashenzari
Cheibriados
Dithmenos
Elyvilon
Fedhas
Kikubaaqudgha
Makhleb
Nemelex Xobeh
Okawaru
Uskayaw
Vehumet
Yredelemnul
The Shining One
Beogh

Shops:
D:9 :


Innate Abilities, Weirdness & Mutations

You are resistant to damage.
You can heal yourself by infusing magical energy.
You passively map the area around you.
You do not regenerate.


Message History

The komodo dragon bites you!!
Your plate armour prevents you from hitting the komodo dragon.
The komodo dragon is moderately wounded.
The komodo dragon bites you!!
You are too injured to fight recklessly!
Your plate armour prevents you from hitting the komodo dragon.
The komodo dragon is moderately wounded.
The komodo dragon bites you.
You completely miss the komodo dragon.
The komodo dragon is moderately wounded.
The komodo dragon bites you!
* * * LOW HITPOINT WARNING * * *
You closely miss the komodo dragon.
The komodo dragon is moderately wounded.
The komodo dragon bites you!
* * * LOW HITPOINT WARNING * * *
You slice the komodo dragon!!
The komodo dragon is severely wounded.
You hit the hippogriff. The komodo dragon bites you!!
You die...

....#...P.### , ,,
.......#### #... , *
......## #######.... ,*
.......# ##...#...... ,
.......### ##....#......
* .......#.#
#......>..... ,
........## ##...........
*
........P###.....H......*
##.......##.....@l.....#
**
#.##.#..##...........##
## ####......)......##
##.###...P####.# ###
###### **#


You could see a komodo dragon and a hippogriff.

Vanquished Creatures
  A two-headed ogre (D:10)
  Urug (D:12)
  The ghost of ChaseSP the Cleaver, a novice DDFi (D:7)
  A deep elf mage (D:12)
  The ghost of grandjackal the Skirmisher, a novice DsSk of Dithmenos (D:5)
  2 rust devils (D:5)
  A spiny frog (Lair:1)
  A gargoyle (D:9)
  2 trolls (D:10)
  A hippogriff (D:11)
  A wraith (D:12)
  A wyvern (D:9)
  7 yaks
  Eustachio (D:4)
  2 hungry ghosts
  2 vampire mosquitoes (D:12)
  Menkaure (D:5)
  A soldier ant (D:12)
  2 hell hounds (D:11)
  A water moccasin (D:9)
  4 sky beasts
  4 ice beasts
  An eye of draining (D:11)
  A black bear (D:7)
  11 orc warriors
  2 phantoms (D:8)
  4 ogres
  2 centaurs
  2 crocodiles
  An elf zombie (D:7)
  2 big kobolds
  3 elf skeletons (D:7)
  9 bullfrogs
  2 wyvern zombies
  4 scorpions
  3 killer bees (D:8)
  4 howler monkeys
  7 crimson imps
  2 gnoll shamans
  6 hounds
  2 jellies
  12 orc priests
  A bullfrog skeleton (D:10)
  19 orc wizards
  A human skeleton (D:7)
  An iguana (D:11)
  7 worker ants
  5 big kobold zombies (Ossuary)
  2 hound zombies
  A hound skeleton (D:6)
  A mummy (Ossuary)
  2 worker ant zombies
  17 adders
  10 gnolls
  3 shadow imps
  An ooze (D:6)
  4 adder skeletons
  An adder zombie (D:9)
  A worm (D:2)
  2 dart slugs
  3 leopard geckos
  65 orcs
  3 spectral bats (Ossuary)
  3 ball pythons
  8 giant cockroaches
  7 gnoll zombies (Ossuary)
  5 goblins
  12 hobgoblins
  8 jackals
  5 quokkas
  6 bats
  4 bat simulacra (Ossuary)
  3 frilled lizards
  A goblin simulacrum (Ossuary)
  6 goblin zombies (Ossuary)
  5 hobgoblin zombies (Ossuary)
  13 kobolds
  4 kobold simulacra (Ossuary)
  2 kobold zombies (Ossuary)
  A leopard gecko skeleton (D:9)
  6 orc zombies
  17 rats
  2 rat simulacra (Ossuary)
  A spectral goblin (Ossuary)
  6 spectral kobolds (Ossuary)
  6 spectral rats (Ossuary)
  A plant (D:2)
401 creatures vanquished.

Notes
Turn   | Place    | Note
-------+----------+-------------------------------------------
     0 | D:1      | ChaseSP the Deep Dwarf Fighter began the quest for the Orb.
     0 | D:1      | Reached XP level 1. HP: 20/20 MP: 1/1
   139 | D:1      | Reached skill level 3 in Axes
   142 | D:1      | Reached XP level 2. HP: 24/27 MP: 2/2
   548 | D:2      | Found a shadowy altar of Dithmenos.
   687 | D:2      | Reached skill level 4 in Axes
   687 | D:2      | Reached XP level 3. HP: 27/33 MP: 2/2
   815 | D:2      | Reached XP level 4. HP: 31/40 MP: 3/3
   852 | D:2      | Reached skill level 5 in Axes
  1218 | D:2      | Found a faded altar of an unknown god.
  2099 | D:3      | Reached XP level 5. HP: 33/46 MP: 4/4
  2530 | D:4      | Reached skill level 6 in Axes
  2562 | D:4      | Noticed Eustachio
  2594 | D:4      | Killed Eustachio
  2594 | D:4      | Reached XP level 6. HP: 37/55 MP: 5/5
  2928 | D:5      | Entered Level 5 of the Dungeon
  2956 | D:5      | Found a transporter.
  2959 | D:5      | Found a transporter.
  2959 | D:5      | Found an ancient bone altar of Kikubaaqudgha.
  2965 | D:5      | Noticed Menkaure
  3003 | D:5      | Reached skill level 7 in Axes
  3364 | D:5      | Found a basalt altar of Yredelemnul.
  3433 | D:5      | Noticed grandjackal's ghost (novice DsSk)
  3451 | D:5      | Killed grandjackal's ghost
  3451 | D:5      | Reached skill level 8 in Axes
  3451 | D:5      | Reached skill level 5 in Armour
  3451 | D:5      | Reached XP level 7. HP: 4/61 MP: 6/6
  3761 | D:5      | Reached skill level 9 in Axes
  3786 | D:6      | Reached XP level 8. HP: 39/68 MP: 7/7
  3930 | D:6      | Found a glowing drain.
  3942 | Sewer    | Entered a sewer
  4012 | Sewer    | Reached skill level 10 in Axes
  4048 | Sewer    | Found a glowing silver altar of Zin.
  4134 | D:6      | Found a white marble altar of Elyvilon.
  4197 | D:6      | Found a sparkling altar of Nemelex Xobeh.
  4213 | D:6      | Reached skill level 1 in Dodging
  4287 | D:6      | Found a shattered altar of Ashenzari.
  4525 | D:5      | HP: 1/68 [Menkaure (17)]
  4527 | D:5      | Killed Menkaure
  4638 | D:5      | Noticed a rust devil
  4638 | D:5      | Noticed a rust devil
  4686 | D:5      | Killed a rust devil
  4686 | D:5      | Reached skill level 11 in Axes
  4686 | D:5      | Gained mutation: You passively map the area around you. [Deep Dwarf growth]
  4686 | D:5      | Reached XP level 9. HP: 48/74 MP: 8/8
  4711 | D:5      | Killed a rust devil
  4780 | D:7      | Found a staircase to the Ecumenical Temple.
  4798 | Temple   | Entered the Ecumenical Temple
  4894 | Temple   | Became a worshipper of Makhleb the Destroyer
  5093 | D:7      | Found a sand-covered staircase.
  5108 | D:7      | Reached skill level 12 in Axes
  5112 | Ossuary  | Entered an ossuary
  5156 | Ossuary  | Reached * piety under Makhleb
  5324 | Ossuary  | Reached ** piety under Makhleb
  5512 | D:7      | Reached skill level 5 in Dodging
  5512 | D:7      | Reached skill level 1 in Invocations
  5656 | D:7      | Noticed ChaseSP's ghost (novice DDFi)
  5658 | D:7      | Found a sparkling altar of Nemelex Xobeh.
  5711 | D:7      | Killed ChaseSP's ghost
  6030 | D:7      | Found a radiant altar of Vehumet.
  6525 | D:7      | Reached XP level 10. HP: 48/85 MP: 10/10
  6661 | D:8      | Reached *** piety under Makhleb
  6703 | D:8      | Reached skill level 13 in Axes
  7039 | D:8      | Reached skill level 5 in Invocations
  7112 | D:8      | Found a blossoming altar of Fedhas.
  7445 | D:9      | Found a roughly hewn altar of Beogh.
  7445 | D:9      | Found a staircase to the Orcish Mines.
  7639 | D:9      | Reached **** piety under Makhleb
  7641 | D:9      | Found Lioch's Book Boutique.
  7652 | D:9      | Reached skill level 5 in Fighting
  7812 | D:9      | Reached skill level 14 in Axes
  8177 | D:9      | Noticed a gargoyle
  8181 | D:9      | Killed a gargoyle
  8296 | D:9      | Reached XP level 11. HP: 96/96 MP: 11/11
  8393 | D:10     | Entered Level 10 of the Dungeon
  8502 | D:10     | Found a white marble altar of Elyvilon.
  8633 | D:10     | Noticed a two-headed ogre
  8646 | D:10     | Killed a two-headed ogre
  8995 | D:11     | Reached skill level 15 in Axes
  9040 | D:11     | Found a basalt altar of Yredelemnul.
  9086 | D:11     | Reached ***** piety under Makhleb
  9197 | D:11     | Identified a scroll of acquirement
  9331 | D:11     | Found a staircase to the Lair.
  9758 | D:12     | Noticed Urug
  9775 | D:12     | Killed Urug
 10161 | D:12     | Noticed a deep elf mage
 10183 | D:12     | Killed a deep elf mage
 10415 | Lair:1   | Entered Level 1 of the Lair of Beasts
 10455 | Lair:1   | Slain by a komodo dragon

Skill      XL: |  1  2  3  4  5  6  7  8  9 10 11 |
---------------+----------------------------------+-----
Axes           | 3 4 5 6 8 9 11 12 14 15 | 15.6
Armour         | 5 6 8 |  8.2
Dodging        | 3 5 7 |  7.1
Invocations    | 3 5 6 |  6.6
Fighting       | 3 5 |  5.2
Shields        | |  3.2

Action                   |  1- 3 |  4- 6 |  7- 9 | 10-12 || total
-------------------------+-------+-------+-------+-------++-------
Melee: War axe           |   123 |   210 |   511 |   371 ||  1215
       Battleaxe         |       |       |       |   461 ||   461
Invok: Minor Destruction |       |       |       |     3 ||     3
       Lesser Servant of |       |       |       |     2 ||     2
 Abil: Heal Wounds       |     1 |     3 |    13 |     5 ||    22
  Use: Scroll            |       |     1 |     9 |    14 ||    24
       Potion            |       |     1 |     5 |     4 ||    10
  Eat: Chunk             |       |     9 |     9 |    14 ||    32
       Fruit             |       |       |       |     6 ||     6
Armor: Scale mail        |    53 |    87 |       |       ||   140
       Chain mail        |       |       |    22 |       ||    22
       Plate armour      |       |       |   145 |   428 ||   573
       Skin              |       |       |    16 |       ||    16
Dodge: Dodged            |    44 |    64 |    65 |   236 ||   409
Block: Shield            |    59 |   117 |   208 |   134 ||   518
       Other             |       |       |       |    10 ||    10
